 Dungeon Crawl Stone Soup version 0.16.0-5-g717f7e7 (console) character file.

65 gw the Firebug (level 3, -1/27 HPs)
             Began as a Demigod Fire Elementalist on Mar 14, 2015.
             Slain by Terence
             ... wielding a +0 flail
              (2 damage)
             ... on level 2 of the Dungeon.
             The game lasted 00:02:02 (2122 turns).

gw the Firebug (Demigod Fire Elementalist)          Turns: 2122, Time: 00:02:02

Health: -1/27      AC:  5    Str: 11    XL:     3   Next: 67%
Magic:  0/8        EV: 12    Int: 21    God:
Gold:   42         SH:  0    Dex: 16    Spells: 2 memorised, 4 levels left

rFire  . . .     SeeInvis .     a - +0 dagger
rCold  . . .     Clarity  .     l - +0 robe
rNeg   . . .     SustAb   +     (no shield)
rPois  .         Gourm    .     (no helmet)
rElec  .         Spirit   .     (no cloak)
rCorr  .         Warding  .     m - +2 pair of gloves
rMut   .         Stasis   .     (no boots)
MR     .....                    (no amulet)
Stlth  ++........               (no ring)
                                (no ring)

@: not resistant to hostile enchantments, unstealthy
A: sustain abilities
a: no special abilities


You were on level 2 of the Dungeon.
You were not hungry.

You visited 1 branch of the dungeon, and saw 2 of its levels.

You collected 42 gold pieces.

Inventory:

Hand weapons
 a - a +0 dagger (weapon)
Missiles
 f - 18 sling bullets
 g - 5 steel javelins (quivered)
 n - 24 stones
Armour
 l - a +0 robe (worn)
 m - a +2 pair of gloves (worn)
Scrolls
 d - a scroll of identify
 e - a scroll of teleportation {unknown}
 h - a scroll of remove curse
 j - a scroll of amnesia {unknown}
Potions
 i - a potion of ambrosia {unknown}
Books
 b - a book of Flames

   Spells                             Type                      Level
   a - Flame Tongue                   Conjuration/Fire             1
   b - Throw Flame                    Conjuration/Fire             2
   c - Conjure Flame                  Conjuration/Fire             3
   d - Inner Flame                    Hexes/Fire                   3
   e - Sticky Flame                   Conjuration/Fire             4
   f - Fireball                       Conjuration/Fire             5
Comestibles
 c - a bread ration
 k - 2 meat rations


   Skills:
 + Level 0.8 Fighting
 + Level 0.5 Short Blades
 + Level 1.0 Armour
 - Level 1.7 Dodging
 - Level 1.7 Stealth
 * Level 2.6 Spellcasting
 - Level 0.8 Conjurations
 + Level 3.1 Fire Magic


You had 4 spell levels left.
You knew the following spells:

 Your Spells              Type           Power        Failure   Level  Hunger
a - Flame Tongue          Conj/Fire      ##...        8%          1    None
b - Throw Flame           Conj/Fire      ##....       12%         2    ##.....


Dungeon Overview and Level Annotations

Branches:
Dungeon (2/15)

Annotations:
D:2 Terence


Innate Abilities, Weirdness & Mutations

Your attributes are resistant to harm.


Message History

You hit Terence but do no damage.
Terence is moderately wounded.
Terence barely misses you.
Unknown command.
Unknown command.
Unknown command.
Unknown command.
ATTACKING (0,-1)
You closely miss Terence.
Terence is moderately wounded.
Terence misses you.
Unknown command.
Unknown command.
Unknown command.
Unknown command.
ATTACKING (0,-1)
You hit Terence but do no damage.
Terence is moderately wounded.
Terence hits you with a flail.
You die...

............####..###.########...
..##.######.# #..# #........).<.
.....# #.# #..# #.########...
.##### #.####..###.# #.#. .#
#...<.... ..# #.#. .####
#####....###### #.#. ....#
#......b..b..... .... ###.# .#
#@# .... ##.## .# #p# #.#..
##...## .# #.# . .. ...#..## .#
#.# ##.....###.# #.######
##.#.#.##.# #......# ##....##.#.#
#%####.# #.###......# #....#
##.##.##.#.# ##.##.#
#.#.#.##.####...#.#.#


You could see Terence and a bat.

Table legend:
 A = Turns spent in this place as a percentage of turns spent in the entire game.
 B = Non-inter-level travel turns spent in this place as a percentage of non-inter-level travel turns spent in the entire game.
 C = Inter-level travel turns spent in this place as a percentage of turns spent in this place.
 D = Turns resting spent in this place as a percentage of non-inter-level travel turns spent in this place.
 E = Turns spent auto-exploring this place as a percentage of non-inter-level travel turns spent in this place.
 F = Non-inter-level travel turns spent in this place divided by the number of levels of this place that you've seen.
                   A       B       C       D       E      F
               +-------+-------+-------+-------+-------+----------------------
         Total | 100.0 | 100.0 |   0.5 |   3.3 |   2.7 | 1375.0
       Dungeon | 100.0 | 100.0 |   0.5 |   3.3 |   2.7 | 1375.0
               +-------+-------+-------+-------+-------+----------------------

Table legend:
 A = Kills in this place as a percentage of kills in entire the game.
 B = Kills by you in this place as a percentage of kills by you in the entire game.
 C = Kills by friends in this place as a percentage of kills by friends in the entire game.
 D = Other kills in this place as a percentage of other kills in the entire game.
 E = Experience gained in this place as a percentage of experience gained in the entire game.
 F = Experience gained in this place divided by the number of levels of this place that you have seen.
                   A       B       C       D       E      F
               +-------+-------+-------+-------+-------+----------------------
         Total | 100.0 | 100.0 |  -nan |  -nan | 100.0 |  47.0
       Dungeon | 100.0 | 100.0 |  -nan |  -nan | 100.0 |  47.0
               +-------+-------+-------+-------+-------+----------------------

Vanquished Creatures
  Jessica (D:2)
  An ooze (D:1)
  11 bats
  6 hobgoblins (D:1)
  2 jackals (D:1)
  A ball python (D:1)
  3 giant cockroaches
  A giant gecko (D:1)
  A giant newt (D:2)
  5 goblins
  6 kobolds (D:1)
  8 rats (D:1)
46 creatures vanquished.

Notes
Turn   | Place    | Note
--------------------------------------------------------------
     0 | D:1      | gw, the Demigod Fire Elementalist, began the quest for the Orb.
     0 | D:1      | Reached XP level 1. HP: 14/14 MP: 3/3
   433 | D:1      | Reached XP level 2. HP: 20/20 MP: 2/5
   469 | D:1      | Learned a level 2 spell: Throw Flame
   769 | D:1      | Reached skill level 3 in Fire Magic
  1256 | D:1      | Reached XP level 3. HP: 27/27 MP: 0/8
  1851 | D:2      | Noticed Jessica
  1855 | D:2      | Killed Jessica
  1855 | D:2      | Reached skill level 1 in Armour
  2069 | D:2      | Found a blossoming altar of Fedhas.
  2103 | D:2      | Noticed Terence
  2118 | D:2      | HP: 1/27 [Terence/flail (7)]
  2122 | D:2      | Slain by Terence

Action                   || total
-------------------------++-------
Melee: Unarmed           ||     7
       Dagger            ||    13
 Cast: Flame Tongue      ||    54
       Throw Flame       ||    28
  Use: Scroll            ||     3
       Potion            ||     3
  Eat: Chunk             ||     6

Vault maps used:
D:1:      dpeg_arrival_subterranean_lakeside_camping, minmay_unequal
D:2:      nicolae_overflow_crystal_walls, hangedman_feature_mirror,
          uniq_jessica, uniq_terence
